 Dungeon Crawl Stone Soup version 0.30-a0-341-g682706514a (webtiles) character file.

Game seed: 17050239621805895001

365 p00ps00p the Insei (level 7, 0/50 HPs)
             Began as a Djinni Transmuter on Nov 4, 2022.
             Was an Initiate of Ashenzari.
             Slain by a jackal (3 damage)
             ... on level 5 of the Dungeon.
             The game lasted 00:12:58 (5692 turns).

p00ps00p the Insei (Djinni Transmuter)              Turns: 5692, Time: 00:12:59

Health: 0/50       AC:  4    Str: 11    XL:     7   Next: 0%
Gold:   225        EV: 13    Int: 20    God:    Ashenzari [......] SH:  0 Dex: 14

rFire   + + .      SeeInvis .      - Unarmed
rCold   . . .      Faith    .    (no shield)
rNeg    . . .      Spirit   .    d - +1 leather armour {rC+}
rPois   ∞          Reflect  .    (helmet currently unavailable)
rElec   .          Harm     .    (no cloak)
rCorr   .          Rampage  .    (no gloves)
Will    +....                    (boots unavailable)
Stlth   +.........               (no amulet)
HPRegen 0.28/turn                s - +6 ring of intelligence
MPRegen 0.00/turn                n - ring of willpower

@: appendages (expiring), flying
A: horns 2, flying, sickness immunity, fire resistance 2, cold vulnerability 1,
float, innate caster, HP casting, extra vitality 1
a: End Transformation, Renounce Religion, Shatter the Chains


You were on level 5 of the Dungeon.
You worshipped Ashenzari.
Ashenzari was noncommittal.
You had temporarily grown beastly horns.
You visited 1 branch of the dungeon, and saw 5 of its levels.

You collected 225 gold pieces.

Inventory:

Missiles
 c - 13 poisoned darts
Armour
 d - a +1 leather armour of cold resistance (worn)
 p - the cursed +2 helmet of the Restrained Sky (melded) {Cun, Melee}
   (You found it on level 3 of the Dungeon)

   It has a curse which improves the following skills: Cunning: Dodging and
   Stealth.
   Melee Combat: Short Blades, Long Blades, Axes, Maces & Flails, Polearms,
   Staves and Unarmed Combat.
Jewellery
 n - a ring of willpower (right hand)
 s - a +6 ring of intelligence (left hand)
Scrolls
 a - a scroll of teleportation {unknown}
 f - a scroll of blinking
Potions
 b - a potion of brilliance {unknown}
 e - a potion of lignification
 g - 2 potions of heal wounds {unknown}
 h - 3 potions of flight
 k - 2 potions of curing
 l - a potion of attraction {unknown}
 o - a potion of mutation {unknown}
 q - a potion of haste {unknown}


   Skills:
 + Level 3.3 Fighting
 + Level 4.1 Dodging
 + Level 4.4 Unarmed Combat
 + Level 2.9 Spellcasting


You couldn't memorise any spells.
You knew the following spells:

 Your Spells              Type           Power      Damage    Failure   Level
a - Beastly Appendage     Tmut           28%        N/A       6%          1
b - Wereblood             Tmut           14%        N/A       9%          2
c - Spider Form           Tmut/Pois      14%        N/A       17%         3
d - Ice Form              Ice/Tmut       14%        N/A       50%         4
e - Sandblast             Erth           28%        2d8       6%          1
f - Call Imp              Summ           14%        N/A       9%          2
g - Blink                 Tloc           28%        N/A       9%          2
Your spell library was empty.

Dungeon Overview and Level Annotations

Branches:
Dungeon (5/15)
 Temple: D:4-7

Altars:
Ashenzari
Ru


Innate Abilities, Weirdness & Mutations

You have temporarily grown beastly horns.
You are flying.
You are immune to sickness and miasma.
You are immune to poison.
Your flesh is very heat resistant. (rF++)
You are vulnerable to cold. (rC-)
You float through the air rather than walking.
You learn spells naturally, not from books.
Your magical power is your life essence.
You have superior vitality. (+4 MHP)


Message History

Confirm with . or Enter, or press ? or * to list all spells.
You miscast Beastly Appendage.
You are very lightly contaminated with residual magic.
Nothing appears to happen.
The orc barely misses you. x2
The jackal closely misses you. The orc attacks as you move away!
The orc barely misses you. The jackal attacks as you move away!
The jackal bites you. The orc hits you with a +0 falchion.
Casting: Beastly Appendage (safe; 6% risk of failure)
Confirm with . or Enter, or press ? or * to list all spells.
You grow a pair of large bovine horns.
The cursed +2 helmet of the Restrained Sky {Cun, Melee} melds into your body.
The jackal bites you but does no damage.
The orc hits you with a +0 falchion.
* * * LOW HITPOINT WARNING * * *
You barely miss the orc. You headbutt the orc.
The orc is almost dead.
The jackal misses you.
The jackal bites you but does no damage.
The orc completely misses you. The orc barely misses you.
Unknown command.
You closely miss the orc. You headbutt the orc.
You kill the orc!
The jackal barely misses you.
The jackal bites you but does no damage.
The orc misses you.
You closely miss the jackal. The jackal bites you.
* * * LOW HITPOINT WARNING * * *
The jackal bites you but does no damage.
The iguana bites you!
* * * LOW HITPOINT WARNING * * *
The orc hits you with a +0 falchion.
* * * LOW HITPOINT WARNING * * *
Blink to where?
Press: ? - help, Q - select action, (/) - cycle Dir - move target
As you read the scroll of blinking, it crumbles to dust.
Your transformation is almost over.
Your magical contamination has completely faded away.
The jackal attacks as you move away! The jackal bites you.
You die...

..####.<.#.........#
.........##.#####..#
©......)....## #..#
#####........## #..##
$..8##........###...#
.....#............#.#
..#..#........###...#
..(#.#.......####...#
....#......lh.h@.###
.#.#..##..o###.>.#######.
.#..##...###.#......<..
#..#..)h......#######.
#......h#.....#
...#.#.)####..# .........
...# ..##....#####.# #
##.... #.#


You could see an iguana, an orc and 2 jackals.

Vanquished Creatures
  An ogre (D:4)
  A scorpion (D:4)
  A gnoll bouda (D:4)
  3 gnolls (D:4)
  8 adders
  3 worms
  2 dart slugs
  5 orcs
  7 bats
  2 endoplasms
  3 giant cockroaches
  3 goblins
  6 hobgoblins
  6 jackals
  7 kobolds
  6 quokkas
  5 ball pythons
  2 frilled lizards
  3 rats
74 creatures vanquished.

Notes
Turn   | Place    | Note
-------+----------+-------------------------------------------
     0 | D:1      | p00ps00p the Djinni Transmuter began the quest for the Orb.
     0 | D:1      | p00ps00p set off with the following spells memorised:
                  | Beastly Appendage, Wereblood, Spider Form, Ice Form.
     0 | D:1      | Reached XP level 1. HP: 17/17 MP: 0/0
   755 | D:1      | Reached XP level 2. HP: 20/22 MP: 0/0
  1292 | D:1      | Reached XP level 3. HP: 23/27 MP: 0/0
  1292 | D:1      | Learned a level 1 spell: Sandblast
  2453 | D:2      | Reached XP level 4. HP: 30/33 MP: 0/0
  2736 | D:3      | Found a broken altar of Ashenzari.
  2761 | D:3      | Became a worshipper of Ashenzari the Shackled
  3553 | D:4      | Found a sacrificial altar of Ru.
  3711 | D:4      | Reached XP level 5. HP: 35/38 MP: 0/0
  3711 | D:4      | Learned a level 2 spell: Call Imp
  4701 | D:4      | Reached XP level 6. HP: 44/45 MP: 0/0
  4766 | D:4      | Identified the cursed +2 helmet of the Restrained Sky {Cun,
                  | Melee} (You found it on level 3 of the Dungeon)
  5291 | D:4      | Noticed an ogre
  5297 | D:4      | Killed an ogre
  5587 | D:5      | Entered Level 5 of the Dungeon
  5682 | D:5      | Reached XP level 7. HP: 23/50 MP: 0/0
  5682 | D:5      | Learned a level 2 spell: Blink
  5687 | D:5      | HP: 2/50 [orc/+0 falchion (3)]
  5692 | D:5      | Slain by a jackal

Illustrated notes

Levels and vault maps discovered:
D:1:      lemuel_arrival_behind_the_door_small, layout_basic,
          serial_co_window_serial, co_window_paths_b, co_window_corner_a,
          co_window_of_opportunity_a, co_window_cross_1, co_window_paths_a,
          co_window_paths_a, co_window_paths_c, co_window_2corner,
          co_window_broadway_a, co_window_corner_b, co_window_2corner,
          co_window_4corner_b, co_window_paths_d, glass_columns_b,
          glass_columns_c, glass_columns_c, glass_columns_b, glass_columns_a,
          minmay_tiny_reverse_x
D:2:      layout_basic
D:3:      layout_loops_ring, evilmike_ruin_ashenzari, kennysheep_potato
D:4:      cheibrodos_old_hovel, layout_loops_corners,
          nicolae_ru_sacrificial_ziggurat
D:5:      layout_loops_cross, nicolae_dithmenos_the_darkroom,
          minmay_temple_entry_fiery, gammafunk_ghost_arena

Skill      XL: |  1  2  3  4  5  6 |
---------------+-------------------+-----
Spellcasting   | 2 |  2.9
Fighting       | 2 3 |  3.3
Dodging        | 3 4 |  4.1
Unarmed Combat | 4 |  4.4

Action                   |  1- 3 |  4- 6 |  7- 9 || total
-------------------------+-------+-------+-------++-------
Melee: Unarmed           |   140 |   235 |     3 ||   378
       Headbutt          |    10 |     5 |     2 ||    17
       Punch             |     1 |    15 |       ||    16
 Cast: Beastly Appendage |     8 |     3 |     1 ||    12
Invok: Curse Item        |       |     1 |       ||     1
  Use: Potion            |     1 |     1 |       ||     2
       Scroll            |       |    10 |     1 ||    11
 Stab: Sleeping          |     1 |     1 |       ||     2
Armor: Skin              |     5 |     7 |       ||    12
       Robe              |     2 |       |       ||     2
       Leather armour    |    33 |    46 |     4 ||    83
Dodge: Dodged            |   104 |   135 |     9 ||   248

Table legend: (Time is in decaauts)
 A = Elapsed time spent in this place.
 B = Non-inter-level travel time spent in this place.
 C = Inter-level travel time spent in this place.
 D = Time resting spent in this place.
 E = Time spent auto-exploring this place.
 F = Levels seen in this place.
 G = Mean time per level.
                   A        B        C        D        E       F      G
               +--------+--------+--------+--------+--------+-----+--------+
         Total |   5662 |   5549 |    113 |   1451 |   3291 |   5 | 1132.4 |
       Dungeon |   5662 |   5549 |    113 |   1451 |   3291 |   5 | 1132.4 |
               +--------+--------+--------+--------+--------+-----+--------+

Top non-repeatable levels by time:
     D:4: 2022 daAuts
     D:1: 1730 daAuts
     D:2: 990 daAuts
     D:3: 817 daAuts
     D:5: 101 daAuts
